 Dungeon Crawl Stone Soup version 0.17-a0-1701-gf693a3f (webtiles) character file.

1866 Kidiri the Magician (level 8, -8/45 HPs)
             Began as a Deep Elf Fire Elementalist on Aug 21, 2015.
             Shot with an arrow by a centaur (10 damage)
             ... on level 7 of the Dungeon.
             The game lasted 00:34:37 (7679 turns).

Kidiri the Magician (Deep Elf Fire Elementalist)    Turns: 7679, Time: 00:34:37

Health: -8/45      AC:  5    Str:  5    XL:     8   Next: 90%
Magic:  16/21      EV: 17    Int: 23    God:
Gold:   250        SH:  0    Dex: 18    Spells: 6 memorised, 3 levels left

rFire  . . .     SeeInvis .     j - +3 short sword
rCold  . . .     Clarity  .     e - +1 robe of Notrah {rPois}
rNeg   . . .     SustAt   .     (no shield)
rPois  +         Gourm    .     (no helmet)
rElec  .         Spirit   .     h - +0 cloak
rCorr  .         Warding  .     (no gloves)
rMut   .         Stasis   .     k - +0 pair of boots
MR     .....                    (no amulet)
Stlth  +++.......               s - ring of invisibility
                                p - +3 ring of dexterity

@: not resistant to hostile enchantments, fairly stealthy
A: no striking features
a: Evoke Invisibility


You were on level 7 of the Dungeon.
You were full.

You visited 2 branches of the dungeon, and saw 8 of its levels.
You also visited: Sewer.

You collected 250 gold pieces.

Inventory:

Hand weapons
 j - a +3 short sword (weapon)
Armour
 e - the +1 robe of Notrah (worn) {rPois}
   (You found it on level 5 of the Dungeon)

   It protects you from poison.
 h - a +0 cloak (worn)
 i - a +3 leather armour of cold resistance
 k - a +0 pair of boots (worn)
Jewellery
 p - a +3 ring of dexterity (left hand)
 s - a ring of invisibility (right hand)
Magical devices
 o - a wand of confusion (23)
 r - a wand of paralysis (9)
Scrolls
 a - 2 scrolls of remove curse
 b - 2 scrolls of magic mapping
 d - a scroll of amnesia
 g - a scroll of random uselessness
 t - a scroll of noise
Potions
 f - a potion of might
 l - 7 potions of curing
 n - a potion of haste {unknown}
 u - 2 potions of flight {unknown}
 v - a potion of berserk rage {unknown}
Comestibles
 c - 3 bread rations
 m - 4 fruits
 q - a slice of pizza


   Skills:
 + Level 2.5 Fighting
 + Level 2.7 Armour
 * Level 6.7 Dodging
 + Level 5.1 Stealth
 * Level 7.3 Spellcasting
 + Level 3.5 Conjurations
 + Level 4.2 Hexes
 + Level 4.9 Fire Magic
 + Level 2.5 Evocations


You had 3 spell levels left.
You knew the following spells:

 Your Spells              Type           Power        Failure   Level  Hunger
a - Flame Tongue          Conj/Fire      ####.        1%          1    None
b - Throw Flame           Conj/Fire      ####..       1%          2    None
c - Conjure Flame         Conj/Fire      ####....     4%          3    None
d - Inner Flame           Hex/Fire       ####....     4%          3    None
e - Sticky Flame          Conj/Fire      ####....     14%         4    ###....
f - Fireball              Conj/Fire      ####......   38%         5    #####..


Dungeon Overview and Level Annotations

Branches:
Dungeon (7/15)             Temple (1/1) D:6

Altars:
Ashenzari
Cheibriados
Elyvilon
Fedhas
Gozag
Makhleb
Nemelex Xobeh
Okawaru
Qazlal
Ru
Sif Muna
Trog
Xom
Yredelemnul
The Shining One


Message History

Aiming: Flame Tongue
Press: ? - help, Shift-Dir - straight line, f/p - orc priest
Aim: an orc priest, wielding a club (severely wounded)
The flame tongue hits the orc priest.
You kill the orc priest!
The centaur shoots an arrow.
The arrow hits you!
* * * LOW HITPOINT WARNING * * *
Unknown command.
The centaur shoots an arrow.
The arrow barely misses you.
Unknown command.
The centaur shoots an arrow.
The arrow misses you.
You see here 3 arrows.
Unknown command.
The centaur shoots an arrow.
The arrow hits you!
* * * LOW HITPOINT WARNING * * *
You see here an arrow.
Unknown command.
The centaur shoots an arrow.
The arrow misses you.
The centaur shoots an arrow.
The arrow hits you!
You die...

....## ##..# .###)
.....###..## ....
..#...##..## #..#
..##....(..### #(.#
.......#.....#####..#
.......###..........##
.......# ###.........#
.......# ###..(#...#
..###...# #..@##...## ..#
#...# #..## #...# .##
##..# ##.c# #....# .##
>..# #..)##........ ..#
....# #..#...o...... ..#
..............oo...
..###............o........
.......####.............
.....### #......[......


You could see a centaur.

Vanquished Creatures
  Eustachio (D:4)
  2 ice beasts
  3 centaurs
  A phantom (D:5)
  A big kobold (Sewer)
  2 ogres
  A giant frog (D:5)
  3 scorpions
  2 crimson imps
  2 hounds
  A centaur skeleton (D:5)
  Crazy Yiuf (D:3)
  An orc priest (D:7)
  2 giant frog skeletons
  2 orc wizards
  A gnoll shaman (D:5)
  2 iguanas
  4 worker ants
  A killer bee zombie (D:5)
  A hound skeleton (D:4)
  4 gnolls (D:5)
  4 shadow imps
  4 adders
  3 river rats (D:5)
  An ooze (D:1)
  2 adder zombies (D:6)
  A worm (D:4)
  6 giant geckos
  5 orcs
  7 ball pythons
  6 bats
  3 giant cockroaches
  5 goblins
  8 hobgoblins
  13 jackals
  13 kobolds
  4 quokkas
  A ball python skeleton (D:4)
  2 giant newts
  A quokka skeleton (D:4)
  13 rats
140 creatures vanquished.

Notes
Turn   | Place    | Note
--------------------------------------------------------------
     0 | D:1      | Kidiri the Deep Elf Fire Elementalist began the quest for the Orb.
     0 | D:1      | Reached XP level 1. HP: 10/10 MP: 6/6
   334 | D:1      | Found a glowing golden altar of the Shining One.
   373 | D:1      | Reached XP level 2. HP: 15/15 MP: 6/8
   377 | D:1      | Learned a level 2 spell: Throw Flame
  1021 | D:1      | Reached XP level 3. HP: 19/19 MP: 7/10
  1026 | D:1      | Learned a level 3 spell: Conjure Flame
  1030 | D:1      | Learned a level 3 spell: Inner Flame
  1494 | D:2      | Found an iron altar of Okawaru.
  1494 | D:2      | Found a glowing golden altar of the Shining One.
  2223 | D:1      | Reached skill level 1 in Hexes
  2525 | D:3      | Reached XP level 4. HP: 21/24 MP: 5/11
  2634 | D:3      | Noticed Crazy Yiuf
  2649 | D:3      | Killed Crazy Yiuf
  2649 | D:3      | Reached skill level 4 in Spellcasting
  3026 | D:3      | Found a shattered altar of Ashenzari.
  3307 | D:4      | Reached skill level 1 in Armour
  3307 | D:4      | Reached XP level 5. HP: 25/28 MP: 0/13
  3316 | D:4      | Learned a level 4 spell: Sticky Flame
  3524 | D:4      | Noticed Eustachio
  3569 | D:4      | Killed Eustachio
  3569 | D:4      | Reached skill level 1 in Fighting
  3569 | D:4      | Reached skill level 5 in Spellcasting
  3569 | D:4      | Reached XP level 6. HP: 32/34 MP: 9/15
  3657 | D:4      | Identified a +0 rod of inaccuracy (13/13) (You found it on level 2 of the Dungeon)
  3811 | D:4      | Found a burning altar of Makhleb.
  3815 | D:4      | Paralysed by a kobold for 3 turns
  3831 | D:4      | Found an opulent altar of Gozag.
  4287 | D:5      | Entered Level 5 of the Dungeon
  4287 | D:5      | Found a blossoming altar of Fedhas.
  4464 | D:5      | Found a glowing drain.
  4491 | Sewer    | Entered a sewer
  4787 | Sewer    | Reached XP level 7. HP: 26/38 MP: 10/17
  4862 | Sewer    | Found a white marble altar of Elyvilon.
  4977 | D:5      | Found a sacrificial altar of Ru.
  5029 | D:5      | Reached skill level 1 in Evocations
  5303 | D:5      | Reached skill level 5 in Dodging
  5303 | D:5      | Reached skill level 6 in Spellcasting
  5473 | D:5      | Got a steaming robe
  5484 | D:5      | Identified the +1 robe of Notrah {rPois} (You found it on level 5 of the Dungeon)
  5591 | D:5      | Reached XP level 8. HP: 38/44 MP: 9/19
  5763 | D:5      | Learned a level 5 spell: Fireball
  6477 | D:6      | Found a bloodstained altar of Trog.
  6502 | D:6      | Reached skill level 5 in Stealth
  6502 | D:6      | Reached skill level 7 in Spellcasting
  7167 | D:6      | Found a staircase to the Ecumenical Temple.
  7174 | Temple   | Entered the Ecumenical Temple
  7678 | D:7      | HP: 2/45 [centaur/arrow (10)]
  7679 | D:7      | Shot with an arrow by a centaur

Vault maps used:
D:1:      scummos_arrival_checkerplants, minivault_24,
          minmay_misc_feat_four_crosses, tso_metal_star
D:2:      gammafunk_temple_overflow_wave
D:3:      evilmike_ruin_ashenzari, first_bread, uniq_crazy_yiuf_cottage
D:4:      nicolae_gozag_seed_capital, old_standard_altar,
          hangedman_feature_mirror, roderic_serpentine_path, uniq_eustachio
D:5:      nicolae_ru_awakened_eye, fedhas_bush_and_centaur_altar,
          portal_sewer_entry_e
D:6:      kennysheep_big_flooded_room, temple_green, basic_altar, corexii_shack
D:7:      overflow_temple_1_default, lemuel_doored_altar, zin_scriptorium,
          basic_altar
Temple:   jpeg_temple_alley_garden_8
Sewer:    sewer_kobolds

Action                   |  1- 3 |  4- 6 |  7- 9 || total
-------------------------+-------+-------+-------++-------
Melee: Dagger            |    16 |       |       ||    16
       Short sword       |    19 |    26 |    35 ||    80
 Cast: Flame Tongue      |    65 |    62 |    70 ||   197
       Throw Flame       |    10 |    20 |    24 ||    54
       Sticky Flame      |       |     3 |    11 ||    14
       Conjure Flame     |       |     3 |       ||     3
  Use: Scroll            |    12 |     1 |     4 ||    17
       Potion            |       |     2 |     2 ||     4
 Stab: Sleeping          |     5 |     2 |     9 ||    16
  Eat: Chunk             |     2 |     3 |     4 ||     9
       Pizza             |     1 |       |     1 ||     2
       Beef jerky        |     1 |       |       ||     1
       Bread ration      |       |     1 |       ||     1
       Meat ration       |       |       |     2 ||     2
